 Dungeon Crawl Stone Soup version 0.19.0-23-gf02e663 (webtiles) character file.

35 Rrauwl the Ruffian (level 3, -3/26 HPs)
             Began as a Formicid Transmuter on Nov 19, 2016.
             Slain by Robin
             ... wielding a +0 spear
              (4 damage)
             ... on level 2 of the Dungeon.
             The game lasted 00:09:18 (1271 turns).

Rrauwl the Ruffian (Formicid Transmuter)            Turns: 1271, Time: 00:09:19

Health: -3/26      AC:  2    Str: 14    XL:     3   Next: 52%
Magic:  6/6        EV: 13    Int: 12    God:
Gold:   32         SH:  0    Dex: 12    Spells: 1 memorised, 5 levels left

rFire  . . .     SeeInvis +     k - +1 whip
rCold  . . .     Gourm    .     b - +0 robe
rNeg   . . .     Faith    .     (no shield)
rPois  .         Spirit   .     (helmet unavailable)
rElec  .         Reflect  .     (no cloak)
rCorr  +         Harm     .     (no gloves)
MR     .....                    (no boots)
Stlth  +.........               (no amulet)
                                (no ring)
                                i - ring of resist corrosion

@: no status effects
A: permanent stasis, dig shafts and tunnels, four strong arms, antennae 3
a: Dig, Shaft Self


You were on level 2 of the Dungeon.
You were hungry.

You visited 1 branch of the dungeon, and saw 2 of its levels.

You collected 32 gold pieces.

Inventory:

Hand Weapons
 h - a +0 hunting sling
 k - a +1 whip (weapon)
Missiles
 a - 31 arrows
 e - 53 stones (quivered)
 f - 4 tomahawks
Armour
 b - a +0 robe (worn)
Jewellery
 i - a ring of resist corrosion (left hand)
Scrolls
 l - 4 scrolls of identify
Books
 c - a book of Changes

   Spells                             Type                      Level
   a - Beastly Appendage              Transmutation                1
   b - Sticks to Snakes               Transmutation                2
   c - Spider Form                    Transmutation/Poison         3
   d - Ice Form                       Ice/Transmutation            4
   e - Blade Hands                    Transmutation                5
Comestibles
 d - a bread ration
 g - a meat ration
 j - a chunk of flesh


   Skills:
 - Level 1.1 Fighting
 + Level 1.2 Maces & Flails
 - Level 3.0 Dodging
 - Level 3.0 Unarmed Combat
 - Level 2.1 Spellcasting
 - Level 2.1 Transmutations


You had 5 spell levels left.
You knew the following spells:

 Your Spells              Type           Power        Failure   Level  Hunger
a - Beastly Appendage     Tmut           #.....       12%         1    ##.....


Dungeon Overview and Level Annotations

Branches:
Dungeon (2/15)

Altars:

Annotations:
D:2 Robin


Innate Abilities, Weirdness & Mutations

You are under a permanent stasis effect.
You can dig through walls and to a lower floor.
Your four strong arms can wield two-handed weapons with a shield.
You have a pair of large antennae on your head. (SInv)


Message History

You barely miss Robin. You claw Robin, but do no damage.
Robin hits you but does no damage.
You barely miss Robin. You claw Robin, but do no damage.
Robin closely misses you.
You hit Robin but do no damage. You claw Robin, but do no damage.
Robin hits you with a spear.
* * * LOW HITPOINT WARNING * * *
You hit Robin but do no damage.
Your talons disappear.
Robin hits you with a spear.
* * * LOW HITPOINT WARNING * * *
You hit Robin but do no damage. Robin closely misses you.
You hit Robin but do no damage. Robin closely misses you.
You hit Robin.
Robin is moderately wounded.
Robin closely misses you.
You hit Robin.
Robin is heavily wounded.
Robin hits you with a spear.
You die...

####g##### #g#
#[# #.# #.#
###.# ##.#.#
####....#
{+(@g....# {
####....# ##.#.#
###.# #.# #+ #.#
#.# #.# #.# #.#
###
##.###########.#


You could see Robin.

Vanquished Creatures
  2 leopard geckos (D:1)
  2 bats (D:1)
  A giant cockroach (D:2)
  10 goblins
  4 hobgoblins
  A frilled lizard (D:2)
  3 kobolds
  5 rats
28 creatures vanquished.

Notes
Turn   | Place    | Note
-------+----------+-------------------------------------------
     0 | D:1      | Rrauwl the Formicid Transmuter began the quest for the Orb.
     0 | D:1      | Reached XP level 1. HP: 15/15 MP: 3/3
   317 | D:1      | Reached XP level 2. HP: 20/21 MP: 5/5
  1125 | D:2      | Reached XP level 3. HP: 22/26 MP: 4/6
  1187 | D:2      | Noticed Robin
  1248 | D:2      | Reached skill level 1 in Maces & Flails
  1267 | D:2      | HP: 1/26 [Robin/spear (5)]
  1271 | D:2      | Slain by Robin

Skill      XL: |  1  2  3 |
---------------+----------+-----
Dodging        | 2 3 |  3.0
Maces & Flails | 1 |  1.2
Fighting       | |  1.1
Unarmed Combat | |  3.0
Spellcasting   | |  2.1
Transmutations | |  2.1

Action                   || total
-------------------------++-------
Melee: Unarmed           ||    51
       Kick              ||    22
       Whip              ||    62
 Cast: Beastly Appendage ||    16
  Use: Scroll            ||     6
       Potion            ||     4
 Stab: Sleeping          ||     2
  Eat: Chunk             ||     1
Armor: Robe              ||    16
Dodge: Dodged            ||    57
